 Dungeon Crawl Stone Soup version 0.20.1-1-g8b1a95d66d (webtiles) character file.

65 NullDivider the Charlatan (level 4, 0/29 HPs)
             Began as an Octopode Artificer on Dec 11, 2017.
             Succumbed to a goblin's poison
             ... on level 2 of the Dungeon.
             The game lasted 00:03:17 (1397 turns).

NullDivider the Charlatan (Octopode Artificer)      Turns: 1397, Time: 00:03:18

Health: 0/29       AC:  1    Str: 11    XL:     4   Next: 13%
Magic:  6/6        EV: 14    Int: 13    God:
Gold:   83         SH:  0    Dex: 13    Spells: 3/3 levels left

rFire    . . .     SeeInvis .   a - +0 short sword
rCold    . . .     Gourm    .   (no shield)
rNeg     . . .     Faith    .   (helmet restricted)
rPois    .         Spirit   .   (no amulet)
rElec    .         Reflect  .   (no ring)
rCorr    .         Harm     .   (no ring)
MR       .....                  (no ring)
Stlth    +++.......             (no ring)
Regen    0.1/turn               (no ring)
MPRegen  0.1/turn               (no ring)
                                (no ring)
                                (no ring)

@: lethally poisoned (0 -> -11)
A: almost no armour, stealthy swim, amphibious, 8 rings, constrict 8, camouflage
1, gelatinous body 1
a: no special abilities


You were on level 2 of the Dungeon.
You were not hungry.

You visited 1 branch of the dungeon, and saw 2 of its levels.

You collected 83 gold pieces.

Inventory:

Hand Weapons
 a - a +0 short sword (weapon)
Wands
 b - a wand of flame (15/48)
 c - a wand of enslavement (15/24)
 d - a wand of random effects (15/48)
Scrolls
 e - a scroll of remove curse {unknown}
 g - a scroll of recharging {unknown}
 h - a scroll of magic mapping {unknown}
 i - 2 scrolls of identify {unknown}
 k - a scroll of amnesia {unknown}
 m - a scroll of enchant weapon {unknown}
 n - a scroll of fear {unknown}
 o - a scroll of teleportation {unknown}
Comestibles
 f - 2 bread rations
 j - a royal jelly


   Skills:
 + Level 1.7 Fighting
 + Level 1.8 Short Blades
 + Level 2.4 Dodging
 * Level 3.0 Stealth
 + Level 3.8 Evocations


You had 3 spell levels left.
You didn't know any spells.

Dungeon Overview and Level Annotations

Branches:
Dungeon (2/15)

Altars:


Innate Abilities, Weirdness & Mutations

You cannot wear most types of armour.
You are very stealthy in the water. (Stealth+)
You are amphibious.
You can wear up to eight rings at the same time.
You can use your tentacles to constrict eight enemies at once.
Your skin changes colour to match your surroundings (Stealth+).
Your rubbery body absorbs attacks. (AC +1, EV +1)


Message History

The adder is severely wounded.
You constrict the adder.
* * * LOW HITPOINT WARNING * * *
You feel sick. The adder bites you.
* * * LOW HITPOINT WARNING * * *
It was a potion of cancellation.
You feel magically purged.
You constrict the adder.
You kill the adder!
Your Stealth skill increases to level 3!
You have reached level 4!
* * * LOW HITPOINT WARNING * * *
You feel sick.
* * * LOW HITPOINT WARNING * * *
You feel sick.
Things that are here:
a dagger of venom; a goblin corpse
* * * LOW HITPOINT WARNING * * *
You feel sick.
You see here an adder corpse.
You die...

♣♣♣♣♣ ....♣
♣..♣♣♣♣♣♣♣..
♣..)@......♣
♣♣...♣♣♣♣♣♣♣
♣♣♣♣...♣
♣.....♣♣♣♣
♣.♣♣♣♣....♣♣♣
♣♣♣♣...♣♣♣
♣♣....♣♣♣♣
♣♣♣.....♣♣♣
♣♣♣♣....♣


There were no monsters in sight!

Vanquished Creatures
  3 adders
  2 dart slugs (D:1)
  2 giant cockroaches (D:1)
  8 goblins
  2 hobgoblins (D:1)
  7 kobolds (D:1)
  A ball python (D:1)
  4 bats (D:1)
  A frilled lizard (D:1)
  2 rats (D:1)
32 creatures vanquished.

Notes
Turn   | Place    | Note
-------+----------+-------------------------------------------
     0 | D:1      | NullDivider the Octopode Artificer began the quest for the Orb.
     0 | D:1      | Reached XP level 1. HP: 13/13 MP: 3/3
   137 | D:1      | Reached XP level 2. HP: 18/18 MP: 4/4
   632 | D:1      | Reached XP level 3. HP: 22/23 MP: 5/5
  1394 | D:2      | Reached XP level 4. HP: 3/29 MP: 6/6
  1396 | D:2      | HP: 1/29 [poisoned by a goblin]
  1397 | D:2      | Succumbed to a goblin's poison

Skill      XL: |  1  2  3 |
---------------+----------+-----
Stealth        | 2 3 |  3.0
Fighting       | |  1.7
Short Blades   | |  1.8
Dodging        | |  2.4
Evocations     | |  3.8

Action                   |  1- 3 |  4- 6 || total
-------------------------+-------+-------++-------
Melee: Short sword       |    54 |       ||    54
       Constrict         |    12 |       ||    12
       Tentacles         |     4 |       ||     4
  Use: Potion            |     1 |       ||     1
 Stab: Sleeping          |    11 |       ||    11
       Distracted        |     1 |       ||     1
  Eat: Chunk             |     1 |       ||     1
Dodge: Dodged            |    30 |       ||    30
